 Dungeon Crawl Stone Soup version 0.31-a0-234-gad7ace16ef (webtiles) character file.

Game seed: 14417899745512138707

733 qw the Shooter (level 7, -9/44 HPs)
             Began as a Gargoyle Hexslinger on July 9, 2023.
             Mangled by an ogre
             ... wielding a +0 giant spiked club
              (17 damage)
             ... on level 5 of the Dungeon.
             The game lasted 00:01:20 (3999 turns).

qw the Shooter (Gargoyle Hexslinger)                Turns: 3999, Time: 00:01:21

Health: -9/44      AC:  8    Str: 11    XL:     7   Next: 74%
Magic:  8/8        EV: 12    Int: 14    God:
Gold:   215        SH:  0    Dex: 14    Spells: 7/8 levels left

rFire   . . .        j - +0 orcbow
rCold   + . .        (shield currently unavailable)
rNeg    + + .        k - +1 robe of the Sun {rC+ rN+ Archmagi}
rPois   inf          (no helmet)
rElec   +            h - +0 cloak
rCorr   .            (no gloves)
SInv    +            (no boots)
Will    .....        (no amulet)
Stlth   +            b - ring of see invisible
HPRegen 0.27/turn    (no ring)
MPRegen 0.11/turn

%: archmagi
@: about to teleport
A: sickness immunity, AC +4, negative energy resistance 1, electricity
resistance, torment resistance 1, petrification resistance
a: no special abilities


You were on level 5 of the Dungeon.
You visited 1 branch of the dungeon, and saw 5 of its levels.

You collected 260 gold pieces.
You spent 45 gold pieces at shops.


Innate Abilities, Weirdness & Mutations

You are immune to sickness and miasma.
Your stone body is resilient. (AC +4)
You are immune to poison.
You resist negative energy. (rN+)
You are resistant to electric shocks. (rElec)
You are resistant to unholy torment.
You are immune to petrification.


   Skills:
 - Level 4.4 Fighting
 + Level 7.5 Ranged Weapons
 - Level 1.5 Dodging
 - Level 1.0 Spellcasting
 - Level 2.6 Hexes


You had 7 spell levels left.
You knew the following spells:

 Your Spells              Type           Power      Damage    Failure   Level
a - Slow                  Hex            48%        N/A       9%          1

Your spell library contained the following spells:

 Spells                   Type           Power      Damage    Failure   Level
 Inner Flame              Hex/Fire       6%         N/A       41%         3
 Portal Projectile        Hex/Tloc       12%        N/A       41%         3
 Cause Fear               Hex            6%         N/A       65%         4

Inventory:

Hand Weapons
 j - a +0 orcbow (weapon)
Armour
 a - a +0 ring mail
 d - a +0 pair of gloves
 h - a +0 cloak (worn)
 k - the +1 robe of the Sun (worn) {rC+ rN+ Archmagi}
   (You found it on level 4 of the Dungeon)

   rC:        It protects you from cold.
   rN:        It protects you from negative energy.
   Archmagi:  It increases the power of your magical spells.
Jewellery
 b - a ring of see invisible (left hand)
Scrolls
 c - 2 scrolls of teleportation
 g - 2 scrolls of identify
Potions
 e - a potion of heal wounds {unknown}
 f - a potion of cancellation {unknown}
 i - a potion of invisibility {unknown}

Dungeon Overview and Level Annotations

Branches:
Dungeon (5/15)
 Temple: D:4-7

Altars:
Kikubaaqudgha
Makhleb
Trog
Uskayaw
Yredelemnul

Shops:
D:4 *

Annotations:
D:2 1 runed translucent door, Crazy Yiuf


Message History

The sling bullet burns the scorpion.
The scorpion is severely wounded.
The scorpion stings you. x2
You shoot a sling bullet. The sling bullet hits the scorpion.
The sling bullet burns the scorpion.
The scorpion is almost dead.
The scorpion barely misses you.
You shoot a sling bullet. The sling bullet hits the scorpion.
The sling bullet burns the scorpion.
You kill the scorpion!
You start resting.
HP restored.
You see here a scorpion corpse.
d - a +0 pair of gloves
j - a +0 orcbow You now have 215 gold pieces (gained 16).
You open the door.
An ogre comes into view. It is wielding a +0 giant spiked club.
Found a blue potion.
Enter note:
3991 ||| SWAPPING to +0 orcbow.
Your +3 sling of flaming stops flaming.
j - a +0 orcbow (weapon)
3992 ||| DROPPING +3 sling of flaming.
You drop a +3 sling of flaming.
You shoot an arrow. The arrow hits the ogre!
The ogre is moderately wounded.
You shoot an arrow. The arrow hits the ogre.
The ogre is moderately wounded.
You shoot an arrow. The arrow barely misses the ogre.
You shoot an arrow. The arrow hits the ogre!
The ogre is heavily wounded.
The ogre hits you with a +0 giant spiked club!!
Ouch! That really hurt!
You shoot an arrow. The arrow barely misses the ogre.
The ogre hits you with a +0 giant spiked club!
3998 ||| READING 3 scrolls of teleportation.
As you read the scroll of teleportation, it crumbles to dust.
You feel strangely unstable.
You shoot an arrow. The arrow barely misses the ogre.
The ogre hits you with a +0 giant spiked club!
You die...

#.....#.# #.......#
.......# ......##
....!. ....# # ... #
#O# # #@# # #.# #.#
### #.# #.###.#
############...#.#
...........#.#.#.#
########...[...#.###
#.#.#.#.....#


You could see an ogre.

Vanquished Creatures
  Grinder (D:3)
  A gnoll sergeant (D:5)
  4 scorpions
  2 orc wizards (D:4)
  3 gnolls (D:5)
  7 adders
  3 worms
  3 dart slugs
  8 orcs
  5 ball pythons
  7 bats
  10 endoplasms
  2 giant cockroaches
  8 goblins
  3 hobgoblins
  11 jackals
  3 quokkas
  A frilled lizard (D:2)
  6 kobolds
  9 rats
97 creatures vanquished.

Notes
Turn   | Place    | Note
-------+----------+-------------------------------------------
     0 | D:1      | qw the Gargoyle Hexslinger began the quest for the Orb.
     0 | D:1      | Reached XP level 1. HP: 12/12 MP: 2/2
     0 | D:1      | 0 ||| qw: Version: 0.3-a-51-g015441d
     0 | D:1      | 0 ||| qw: Game counter: 4050
     0 | D:1      | 0 ||| qw: Melee chars always use a shield: true
     0 | D:1      | 0 ||| qw: God list: Okawaru
     0 | D:1      | 0 ||| qw: Allow faded altars: false
     0 | D:1      | 0 ||| qw: Do Orc after clearing Dungeon:15 true
     0 | D:1      | 0 ||| qw: Do second Lair branch before Depths: true
     0 | D:1      | 0 ||| qw: Lair rune preference: random
     0 | D:1      | 0 ||| qw: Goals: Normal
     0 | D:1      | 0 ||| PLANNING D:1-11
   229 | D:1      | Reached XP level 2. HP: 16/16 MP: 3/3
   304 | D:1      | Reached skill level 3 in Ranged Weapons
   533 | D:1      | Reached XP level 3. HP: 21/21 MP: 4/4
   912 | D:1      | 912 ||| UPGRADING to +0 leather armour.
   922 | D:1      | 922 ||| DROPPING +0 robe.
   923 | D:1      | 923 ||| READING 2 scrolls labelled ZIRCHO JUARPHITH.
   924 | D:1      | 924 ||| READING scroll of enchant weapon.
   924 | D:1      | 924 ||| ENCHANTING +2 sling.
   925 | D:1      | 925 ||| READING scroll labelled CEDDAR PIXT.
   926 | D:1      | 926 ||| READING 3 scrolls labelled RAUGGE QAVU.
   927 | D:1      | 927 ||| READING 2 scrolls of brand weapon.
   927 | D:1      | 927 ||| BRANDING +3 sling of flaming.
   928 | D:1      | 928 ||| READING scroll of brand weapon.
   928 | D:1      | 928 ||| BRANDING +3 sling of freezing.
   929 | D:1      | 929 ||| DROPPING scroll of poison.
   958 | D:2      | 958 ||| STAIRDANCE
  1302 | D:2      | Reached XP level 4. HP: 26/26 MP: 5/5
  1382 | D:2      | Reached skill level 4 in Ranged Weapons
  1610 | D:2      | Found a runed translucent door.
  1611 | D:2      | Noticed Crazy Yiuf
  2046 | D:2      | 2046 ||| UPGRADING to ring of see invisible.
  2047 | D:2      | 2047 ||| READING scroll labelled DASAYKH HACRYXEO.
  2048 | D:2      | 2048 ||| READING 2 scrolls labelled DAQAAL ZALL.
  2165 | D:2      | 2165 ||| DRINKING 2 emerald potions.
  2166 | D:2      | 2166 ||| DROPPING potion of degeneration.
  2232 | D:3      | Found a basalt altar of Yredelemnul.
  2243 | D:3      | 2243 ||| STAIRDANCE
  2425 | D:3      | Found a burning altar of Makhleb.
  2459 | D:3      | Noticed Grinder
  2460 | D:3      | 2460 ||| Stepping ~*~*~tactically~*~*~ (outnumbered).
  2462 | D:3      | Paralysed by Grinder for 2 turns
  2484 | D:3      | Killed Grinder
  2485 | D:3      | Reached skill level 6 in Ranged Weapons
  2485 | D:3      | Reached XP level 5. HP: 28/30 MP: 6/6
  2485 | D:3      | Reached XP level 6. HP: 33/35 MP: 7/7
  2511 | D:3      | Found a hide-covered altar of Uskayaw.
  2547 | D:3      | Found a faded altar of an unknown god.
  2828 | D:3      | Found an ancient bone altar of Kikubaaqudgha.
  2853 | D:3      | Found a bloodstained altar of Trog.
  2854 | D:3      | 2854 ||| READING scroll labelled ASUEMPUDOT.
  2855 | D:3      | 2855 ||| DRINKING 2 fuming silvery potions.
  2877 | D:3      | 2877 ||| DROPPING potion of lignification.
  2990 | D:4      | Reached skill level 3 in Fighting
  3180 | D:4      | Reached XP level 7. HP: 38/44 MP: 8/8
  3276 | D:4      | Found Ickumet's Neck Hole.
  3291 | D:4      | 3291 ||| BUYING +0 cloak (45 gold).
  3291 | D:4      | Bought a +0 cloak for 45 gold pieces
  3291 | D:4      | 3291 ||| SHOPLISTING amulet of regeneration (300 gold, have
                  | 176).
  3291 | D:4      | 3291 ||| SHOPLISTING scarf of resistance (320 gold, have
                  | 176).
  3474 | D:4      | Identified the +1 robe of the Sun {rC+ rN+ Archmagi}
  3643 | D:4      | 3643 ||| UPGRADING to +0 ring mail.
  3653 | D:4      | 3653 ||| DROPPING +0 leather armour.
  3654 | D:4      | 3654 ||| UPGRADING to +0 cloak.
  3659 | D:4      | 3659 ||| UPGRADING to +1 robe of the Sun {rC+ rN+
                  | Archmagi}.
  3669 | D:4      | 3669 ||| READING scroll labelled BOOCASITEO.
  3670 | D:4      | 3670 ||| READING scroll labelled BOETTOABAGG.
  3731 | D:5      | Entered Level 5 of the Dungeon
  3802 | D:5      | Reached skill level 7 in Ranged Weapons
  3991 | D:5      | 3991 ||| SWAPPING to +0 orcbow.
  3992 | D:5      | 3992 ||| DROPPING +3 sling of flaming.
  3997 | D:5      | HP: 7/44 [ogre/+0 giant spiked club (11)]
  3998 | D:5      | 3998 ||| READING 3 scrolls of teleportation.
  3999 | D:5      | Mangled by an ogre

Levels and vault maps discovered:
D:1:      ldierk_walled_garden_2, layout_loops_corners
D:2:      layout_loops_ring, serial_forest, infiniplex_forest_straight_2,
          infiniplex_forest_end_3, infiniplex_forest_lined_3,
          infiniplex_forest_zigzag_1, infiniplex_forest_end_2,
          infiniplex_forest_straight_4, infiniplex_forest_clump_small,
          uniq_crazy_yiuf_cottage
D:3:      layout_rooms, lemuel_doored_altar, mainiacjoe_overflow_tiny_flanked,
          mainiacjoe_overflow_swirl, yredelemnul_altar_generic,
          ebering_ecumenical_altar_webs, uniq_grinder
D:4:      layout_cave_pods, serial_column_ruins, column_ruins_square_large,
          column_ruins_hut, column_ruins_columns_dead_end,
          column_ruins_columns_straight, column_ruins_grid_3,
          column_ruins_grid_1, column_ruins_grid_3,
          chequers_serial_rivers_micro_a, minivault_19,
          nicolae_shop_sticking_my_neck_out
D:5:      layout_basic, kennysheep_little_box, uniq_ijyb

Skill      XL: |  1  2  3  4  5  6  7 |
---------------+----------------------+-----
Ranged Weapons | 3 6 7 |  7.5
Fighting       | 2 4 |  4.4
Dodging        | |  1.5
Spellcasting   | |  1.0
Hexes          | |  2.6

Action                     |  1- 3 |  4- 6 |  7- 9 || total
---------------------------+-------+-------+-------++-------
   Fire: Sling             |   104 |   130 |    56 ||   290
         Orcbow            |       |       |     6 ||     6
    Use: Scroll            |     6 |     3 |     3 ||    12
         Potion            |       |     2 |       ||     2
 Armour: Robe              |    11 |       |     5 ||    16
         Leather armour    |    12 |    10 |     1 ||    23
  Dodge: Dodged            |    39 |    20 |    10 ||    69

Table legend:
 A = Non-vault XP
 B = Vault XP
 C = Vault XP percentage of total XP
 D = Non-vault monster count
 E = Vault monster count
 F = Vault count percentage of total count
                 A         B        C        D         E       F
            +---------+---------+-------+---------+---------+-------
      Total |     786 |     262 |  25.0 |      96 |       1 |   1.0
            +---------+---------+-------+---------+---------+-------
        D:1 |      50 |       0 |   0.0 |      27 |       0 |   0.0
        D:2 |      73 |       0 |   0.0 |      26 |       0 |   0.0
        D:3 |      47 |     262 |  84.8 |      15 |       1 |   6.2
        D:4 |     300 |       0 |   0.0 |      21 |       0 |   0.0
        D:5 |     316 |       0 |   0.0 |       7 |       0 |   0.0
            +---------+---------+-------+---------+---------+-------
